Map: Echo LE

Players

Leenock - Winner!

  • Race: Zerg Zerg
  • Spawn Location: 5:00

soO

  • Race: Zerg Zerg
  • Spawn Location: 11:00

Event: IEM Season 11 - Gyeonggi

VOD

Have the link to the VOD?

Description

Time

  • Played on: Dec. 13, 2016, 10:48 p.m.
  • Length: 19:31

All games in this series

Show
View Real Time Build Order
Export as new Build Order

Leenock Zerg - Winner!

Build Orders: Pool First, Zergling Baneling 

Get SALT Encoding   

  12  0:17  Spawning Pool  
  11  0:21  Drone  
  11  0:24  Extractor  
  11  0:28  Drone  
  12  0:33  Drone  
  13  0:42  Overlord  
  14  1:04  Zergling x6  
  16  1:15  Zergling x2  
  16  1:16  Queen  
  19  1:26  Zergling x2  
  19  1:30  Metabolic Boost  
  20  1:38  Zergling x2  
  21  1:48  Zergling x2  
  21  1:51  Baneling Nest  
  21  1:59  Overlord  
  21  2:19  Zergling x2  
  22  2:26  Zergling x6  
  22  2:27  Zergling x2  
  25  2:35  Baneling x3  
  25  2:37  Zergling x2  
  26  2:45  Zergling x2  
  26  2:49  Baneling  
  27  2:56  Zergling x2  
  27  3:09  Drone x3  
  23  3:39  Hatchery  
  23  3:41  Zergling x4  
  21  3:42  Drone  
  22  3:50  Drone  
  22  3:54  Drone  
  24  4:01  Drone x2  
  24  4:02  Baneling  
  24  4:09  Baneling  
  24  4:14  Queen  
  25  4:20  Zergling x2  
  25  4:23  Zergling x2  
  27  4:25  Zergling x2  
  27  4:28  Drone  
  29  4:34  Drone  
  30  4:45  Baneling x2  
  30  4:48  Overlord  
  30  4:53  Drone x3  
  30  4:54  Drone  
  34  5:01  Drone  
  34  5:04  Drone  
  36  5:12  Drone  
  37  5:14  Drone  
  38  5:22  Overlord  
  38  5:23  Drone x3  
  38  5:26  Drone x3  
  44  5:33  Lair  
  44  5:42  Evolution Chamber  
  43  5:43  Drone  
  43  5:45  Drone  
  43  5:46  Drone  
  43  5:49  Roach Warren  
  45  5:50  Drone  
  45  5:52  Drone  
  45  5:56  Drone  
  45  5:57  Drone x2  
  50  5:59  Extractor  
  50  6:00  Extractor  
  50  6:03  Overlord  
  48  6:09  Drone  
  48  6:10  Drone x2  
  48  6:11  Zerg Missile Weapons Level 1  
  50  6:19  Overlord  
  50  6:29  Roach  
  50  6:31  Glial Reconstitution, Roach  
  50  6:32  Roach x2, Overlord  
  58  6:35  Overlord  
  58  6:37  Overseer  
  58  6:41  Roach  
  58  6:43  Roach  
  62  6:52  Hatchery  
  62  6:53  Roach  
  63  6:55  Roach  
  65  7:04  Roach x3  
  65  7:05  Roach  
  73  7:13  Roach  
  73  7:14  Roach x2  
  77  7:16  Roach  
  77  7:19  Roach  
  77  7:22  Overlord  
  81  7:25  Overlord  
  81  7:29  Roach  
  83  7:39  Overlord  
  83  7:40  Queen  
  83  7:43  Roach x2  
  83  7:44  Roach  
  91  7:47  Roach  
  93  7:52  Unknown, Roach x2  
  93  7:53  Roach  
  93  7:58  Baneling x2  
  99  8:00  Roach x2  
  99  8:05  Roach x2  
  107  8:10  Roach x2  
  111  8:18  Roach  
  111  8:19  Overlord  
  113  8:20  Drone  
  112  8:28  Roach  
  104  8:37  Roach  
  104  8:40  Roach x6  
  102  8:44  Roach  
  96  8:48  Roach  
  96  8:52  Roach x2  
  102  8:58  Drone  
  102  9:02  Drone  
  94  9:06  Roach  
  92  9:12  Roach  
  92  9:16  Zerg Missile Weapons Level 2, Roach x2  
  90  9:24  Drone x3  
  90  9:27  Drone x3  
  90  9:28  Drone, Unknown  
  90  9:29  Drone x2  
  90  9:30  Extractor  
  98  9:32  Drone x2  
  98  9:33  Drone  
  98  9:37  Overlord  
  101  9:41  Drone x2  
  103  9:46  Tunneling Claws  
  103  9:49  Burrow  
  103  9:52  Drone  
  104  9:55  Hatchery  
  104  9:58  Drone x3  
  104  9:59  Drone, Roach, Extractor  
  108  10:01  Roach  
  108  10:03  Overseer  
  108  10:04  Roach  
  114  10:07  Roach  
  114  10:10  Unknown  
  114  10:14  Overlord x3  
  114  10:28  Centrifical Hooks  
  114  10:32  Queen  
  114  10:33  Roach  
  114  10:34  Roach x5  
  130  10:35  Roach  
  130  10:37  Roach, Extractor  
  130  10:40  Roach  
  130  10:42  Roach  
  135  10:43  Drone  
  135  10:44  Drone x2, Overlord  
  135  10:47  Overlord  
  138  10:51  Overlord  
  138  10:56  Overlord x2  
  138  11:01  Unknown  
  138  11:03  Roach x4  
  146  11:05  Roach  
  146  11:06  Roach  
  150  11:15  Roach x5  
  160  11:19  Roach x2  
  160  11:24  Overseer  
  160  11:25  Overseer  
  164  11:26  Roach x3  
  164  11:30  Roach  
  164  11:31  Roach  
  164  11:32  Drone x2  
  176  11:33  Roach  
  176  11:36  Roach  
  179  11:50  Overlord  
  179  11:51  Overlord  
  179  11:54  Hatchery  
  178  12:09  Zergling x4  
  178  12:10  Zergling x28  
  194  12:17  Ravager x6  
  200  12:24  Pneumatized Carapace  
  200  12:30  Baneling x3  
  200  12:31  Baneling x19  
  200  12:32  Baneling  
  200  12:33  Baneling  
  200  12:35  Baneling  
  200  12:36  Baneling  
  200  12:38  Baneling  
  200  12:44  Unknown  
  200  12:57  Baneling x3  
  174  13:17  Roach  
  174  13:18  Roach x6  
  156  13:22  Roach x11  
  156  13:23  Roach x2  
  156  13:25  Roach  
  178  13:28  Roach  
  178  13:31  Roach  
  170  13:34  Roach  
  170  13:36  Roach x2  
  170  13:39  Roach  
  158  13:43  Roach  
  158  13:44  Roach  
  162  13:50  Roach x3  
  168  14:00  Roach x4  
  168  14:02  Roach  
  176  14:09  Roach x7  
  174  14:12  Roach x4  
  174  14:15  Ravager x2  
  184  14:17  Ravager  
  184  14:21  Spire  
  184  14:27  Roach x3  
  184  14:30  Roach  
  190  14:34  Roach  
  190  14:35  Roach  
  190  14:36  Roach  
  194  14:39  Spine Crawler  
  194  14:41  Roach  
  195  14:47  Roach x2  
  199  15:07  Spine Crawler  
  193  15:38  Mutalisk x6  
  193  15:41  Mutalisk x2  
  195  16:13  Mutalisk x3  
  195  16:17  Extractor  
  198  16:21  Extractor  
  197  16:32  Mutalisk  
  189  16:58  Mutalisk  
  189  16:59  Mutalisk x6  
  187  17:06  Roach x4  
  169  17:10  Roach  
  169  17:14  Roach x7  
  169  17:15  Roach  
  169  17:17  Roach  
  169  17:19  Roach  
  169  17:22  Roach x2  
  177  17:24  Roach  
  177  17:27  Roach  
  185  17:30  Roach x2  
  185  17:33  Roach  
  185  17:36  Roach x2  
  185  17:41  Overlord  
  185  17:42  Overlord, Zergling x2  
  185  17:43  Zergling x8  
  190  17:51  Zergling x2  
  191  18:02  Zergling x4  
  191  18:03  Zergling x12  
  199  18:17  Zergling x2  
  200  18:26  Hatchery  
  199  18:29  Baneling x16  
  199  18:30  Baneling x12  
  199  18:39  Ravager  
  200  18:43  Baneling  
  194  18:55  Roach x3  
  140  18:56  Roach x17  
Show
View Real Time Build Order
Export as new Build Order

soO Zerg 

Build Orders: Hatch First 

Get SALT Encoding   

  12  0:00  Drone  
  13  0:12  Overlord  
  13  0:17  Drone  
  14  0:30  Drone x2  
  14  0:33  Drone  
  17  0:51  Hatchery  
  17  0:53  Drone  
  17  0:56  Drone  
  18  1:07  Extractor  
  17  1:11  Spawning Pool  
  17  1:14  Drone  
  17  1:18  Drone  
  18  1:27  Drone  
  19  1:38  Overlord  
  19  1:57  Queen  
  19  1:58  Zergling x2  
  19  1:59  Zergling x2  
  23  2:03  Queen, Zergling x2  
  26  2:10  Metabolic Boost  
  26  2:13  Zergling x2  
  26  2:31  Spine Crawler  
  26  2:36  Zergling x2  
  26  2:38  Zergling x2  
  26  2:39  Zergling x2  
  26  2:43  Zergling x2  
  29  2:47  Zergling x2  
  29  2:49  Zergling x2  
  31  2:52  Zergling x2  
  32  2:59  Zergling x2  
  27  3:06  Zergling x2  
  28  3:21  Spine Crawler  
  28  3:22  Zergling x2  
  24  3:28  Zergling x2  
  21  3:34  Queen  
  21  3:37  Zergling x2  
  22  3:46  Baneling Nest  
  21  3:50  Zergling x2  
  22  4:00  Drone x2  
  24  4:20  Hatchery  
  24  4:22  Drone  
  25  4:27  Drone  
  26  4:32  Drone  
  27  4:41  Drone  
  27  4:42  Drone  
  27  4:44  Overlord  
  29  5:02  Queen  
  29  5:03  Drone x2  
  29  5:06  Drone  
  34  5:15  Drone  
  34  5:16  Drone x2  
  37  5:27  Overlord  
  37  5:37  Drone x2  
  37  5:40  Lair  
  37  5:41  Drone  
  40  5:45  Drone  
  40  5:48  Extractor  
  40  5:50  Drone  
  40  5:54  Drone  
  40  5:55  Evolution Chamber  
  40  6:01  Drone  
  41  6:04  Roach Warren  
  41  6:07  Drone x3  
  43  6:14  Drone  
  43  6:15  Extractor  
  45  6:21  Drone  
  45  6:23  Zerg Missile Weapons Level 1  
  44  6:29  Drone  
  44  6:31  Drone  
  44  6:32  Drone  
  47  6:33  Drone  
  48  6:40  Overlord  
  48  6:42  Drone  
  48  6:43  Glial Reconstitution  
  48  6:45  Roach  
  49  6:54  Drone x2  
  49  6:55  Hatchery  
  49  6:57  Overlord  
  50  7:03  Roach x3  
  50  7:04  Roach  
  50  7:08  Overlord  
  58  7:11  Roach  
  59  7:15  Overlord  
  59  7:17  Roach  
  59  7:19  Roach  
  63  7:24  Overseer  
  63  7:26  Roach  
  63  7:29  Roach  
  68  7:30  Roach  
  68  7:31  Roach  
  68  7:33  Roach  
  68  7:36  Roach  
  74  7:42  Roach x2  
  74  7:43  Roach  
  80  7:46  Queen  
  80  7:51  Overlord  
  82  7:54  Roach  
  84  8:08  Roach x3  
  94  8:13  Roach x4  
  94  8:17  Overlord  
  96  8:32  Unknown x2, Roach  
  96  8:33  Roach x6  
  94  8:37  Roach x3  
  94  8:40  Roach  
  88  8:42  Roach  
  88  8:44  Roach  
  88  8:47  Roach  
  86  8:49  Roach  
  86  8:56  Roach x3  
  86  8:59  Roach  
  92  9:03  Roach  
  92  9:04  Roach  
  92  9:08  Roach  
  92  9:09  Roach  
  94  9:10  Drone  
  94  9:12  Drone  
  96  9:17  Zerg Missile Weapons Level 2  
  96  9:21  Drone  
  97  9:26  Drone x3  
  100  9:35  Ravager x2  
  102  9:41  Drone x2  
  104  9:47  Extractor  
  104  9:48  Extractor  
  104  9:50  Roach  
  104  9:51  Roach  
  104  9:52  Overlord  
  106  9:53  Overlord  
  106  9:54  Overlord  
  106  9:57  Burrow  
  106  9:58  Overlord  
  106  10:02  Tunneling Claws  
  106  10:10  Overlord  
  106  10:12  Drone x6  
  112  10:15  Drone  
  112  10:16  Drone x2  
  112  10:20  Overseer  
  115  10:29  Drone  
  115  10:30  Roach  
  115  10:31  Roach x3  
  124  10:37  Roach  
  124  10:38  Roach x4  
  134  10:54  Roach x6  
  146  10:58  Overlord  
  146  11:06  Overlord  
  146  11:10  Overseer x2  
  146  11:11  Overseer  
  146  11:15  Hatchery  
  143  11:20  Roach x9  
  153  11:27  Roach x2  
  153  11:28  Roach x2  
  161  11:35  Pneumatized Carapace  
  161  11:36  Overlord x2  
  161  11:37  Overlord  
  161  11:38  Overlord  
  159  11:41  Zerg Ground Armor Level 1  
  155  11:51  Roach x5  
  161  11:56  Roach x3  
  161  12:00  Roach x2  
  171  12:02  Ravager x3  
  174  12:14  Roach x6  
  186  12:18  Overlord  
  186  12:20  Unknown  
  186  12:21  Unknown  
  186  12:37  Spine Crawler  
  186  12:39  Roach x8, Spine Crawler  
  186  12:41  Overseer  
  200  12:53  Spine Crawler  
  200  12:56  Unknown  
  181  13:12  Roach  
  181  13:13  Roach x12  
  146  13:20  Roach x2  
  116  13:35  Roach x12  
  116  13:39  Roach x17  
  126  13:46  Roach x3  
  132  13:53  Roach  
  132  14:00  Roach x4  
  132  14:01  Roach x3  
  132  14:02  Ravager x3  
  148  14:09  Roach x3  
  154  14:16  Ravager x2, Roach  
  156  14:24  Roach x3  
  156  14:25  Roach  
  156  14:27  Unknown, Queen  
  156  14:28  Queen  
  168  14:34  Drone  
  169  14:40  Roach x4  
  169  14:45  Ravager x2  
  179  14:47  Roach x2  
  179  14:51  Roach  
  179  14:52  Roach  
  187  14:55  Roach  
  187  14:59  Unknown  
  189  15:04  Roach x3  
  189  15:05  Ravager  
  196  15:09  Roach x4  
  196  15:10  Ravager  
  197  15:18  Roach  
  199  15:24  Ravager  
  194  15:48  Ravager x2  
  194  15:51  Roach x3  
  198  16:06  Roach  
  198  16:15  Ravager, Hatchery  
  198  16:19  Roach  
  198  16:22  Hydralisk Den  
  195  16:37  Roach x4  
  175  16:59  Hydralisk x12  
  137  17:16  Hydralisk x3, Roach x20  
  137  17:17  Queen  
  137  17:22  Hydralisk x2  
  145  17:26  Hydralisk  
  145  17:27  Roach x2  
  151  17:34  Roach x3  
  157  17:42  Hatchery  
  156  17:52  Ravager, Roach x3  
  163  17:59  Muscular Augments  
  163  18:12  Roach x3  
  161  18:17  Roach  
  161  18:19  Hatchery  
  162  18:25  Roach  

Tags
 
Add a new tag
Caveats
  • Supply blocks, unpowered buildings, or Contaminate may cause inaccurate times.
  • Supply counts are checked every 10 seconds.